 Seeded DCSS version 0.32-a0-473-gd044c6f0f0 (webtiles) character file.

Game seed: 3342665431591073458 (custom seed)

1376 CougarLife the Digger (level 8, -5/41 HPs)
             Began as a Gargoyle Earth Elementalist on Feb 25, 2024.
             Was a Believer of Vehumet.
             Slain by an orc warrior
             ... wielding a +0 glaive
              (19 damage)
             ... on level 5 of the Dungeon.
             The game lasted 00:09:01 (5531 turns).

CougarLife the Digger (Gargoyle Earth Elementalist) Turns: 5531, Time: 00:09:02

Health: -5/41      AC: 10    Str: 11    XL:     8   Next: 66%
Magic:  16/16      EV: 11    Int: 19    God:    Vehumet [**....]
Gold:   231        SH:  0    Dex: 10    Spells: 13/17 levels left

rFire   . . .        D - staff of conjuration
rCold   . . .        (no shield)
rNeg    + . .        a - +0 robe
rPois   ∞            k - +0 helmet
rElec   +            n - +0 cloak
rCorr   +            (no gloves)
SInv    .            C - +0 pair of boots
Will    .....        v - amulet of magic regeneration
Stlth   ++           g - ring of resist corrosion
HPRegen 0.26/turn    (no ring)
MPRegen 0.55/turn

%: no passive effects
@: no status effects
A: sickness immunity, AC +5, negative energy resistance 1, electricity
resistance, torment resistance 1, petrification resistance
a: Renounce Religion


You were on level 5 of the Dungeon.
You worshipped Vehumet.
Vehumet was pleased with you.
You visited 1 branch of the dungeon, and saw 5 of its levels.
You also visited: Ossuary.

You collected 231 gold pieces.

Inventory:

Armour
 a - a +0 robe (worn)
 k - a +0 helmet (worn)
 n - a +0 cloak (worn)
 p - +0 swamp dragon scales
 C - a +0 pair of boots (worn)
Magical Staves
 D - a staff of conjuration (weapon)
Jewellery
 g - a ring of resist corrosion (left hand)
 j - a ring of positive energy
 v - an amulet of magic regeneration (around neck)
Scrolls
 c - 5 scrolls of teleportation
 d - 5 scrolls of identify
 f - 2 scrolls of amnesia {unknown}
 l - a scroll of brand weapon {unknown}
 o - a scroll of acquirement {unknown}
 q - a scroll of revelation {unknown}
 r - a scroll of noise {unknown}
 s - 2 scrolls of blinking {unknown}
 x - a scroll of fear {unknown}
 y - 2 scrolls of immolation {unknown}
 z - a scroll of fog {unknown}
 B - a scroll of enchant weapon {unknown}
Potions
 b - a potion of degeneration {unknown}
 e - 3 potions of heal wounds {unknown}
 i - 3 potions of lignification {unknown}
 m - 5 potions of might {unknown}
 t - 3 potions of curing {unknown}
 u - 2 potions of invisibility {unknown}
 w - 3 potions of enlightenment {unknown}
 A - 2 potions of haste {unknown}


   Skills:
 - Level 1.5 Dodging
 - Level 2.1 Stealth
 + Level 5.4 Spellcasting
 * Level 6.5 Conjurations
 * Level 2.3 Air Magic
 + Level 7.5 Earth Magic


You had 13 spell levels left.
You knew the following spells:

 Your Spells              Type           Power      Damage    Failure   Level
a - Sandblast             Erth           66%        2d15      1%          1
b - Stone Arrow           Conj/Erth      94%        3d12      1%          3

Your spell library contained the following spells:

 Spells                   Type           Power      Damage    Failure   Level
 Searing Ray              Conj           90%        2d7       1%          2
 Shock                    Conj/Air       100%       1d9       1%          1
 Passwall                 Erth           33%        N/A       1%          3
 Sting                    Conj/Alch      100%       1d9       3%          1
 Brom's Barrelling Bould  Conj/Erth      47%        2d6       7%          4
 Apportation              Tloc           10%        N/A       12%         1
 Necrotise                Necr           20%        1d5       12%         1
 Summon Small Mammal      Summ           20%        N/A       12%         1
 Swiftness                Air            13%        N/A       14%         3
 Ensorcelled Hibernation  Hex/Ice        10%        N/A       19%         2
 Petrify                  Alch/Erth      19%        N/A       26%         4
 Airstrike                Air            6%         2d(1-17)  43%         4
 Freezing Cloud           Conj/Ice/Air   12%        6-21      69%         5
 Ignite Poison            Fire/Alch      5%         N/A       75%         4
 Cigotuvi's Dreadful Rot  Necr/Alch/Air  Unusable   N/A       N/A         2

Dungeon Overview and Level Annotations

Branches:
Dungeon (5/15)            Ossuary (visited)
 Temple: D:4-7

Altars:
Vehumet

Shops:
D:5 [

Annotations:
D:3 3 runed translucent doors, DeathSocks's ghost, weakling DsSu


Innate Abilities, Weirdness & Mutations

You are immune to sickness and miasma.
Your stone body is resilient. (AC +5)
You are immune to poison.
You resist negative energy. (rN+)
You are resistant to electric shocks. (rElec)
You are resistant to unholy torment.
You are immune to petrification.


Message History

Blork the orc comes into view.
He is wielding a +0 short sword.
Blork the orc is nearby!
The blast of sand hits Blork the orc!
Blork the orc is moderately wounded.
Blork the orc shouts!
The blast of sand hits Blork the orc!
Blork the orc is severely wounded.
Blork the orc barely misses you.
The blast of sand misses Blork the orc.
Blork the orc hits you with a +0 short sword.
Blork the orc is nearby!
The blast of sand hits Blork the orc!
You kill Blork the orc!
Vehumet accepts your kill.
You feel your power returning.
You can't see any susceptible monsters within range! (Use Z to cast anyway.)
Things that are here:
a +0 short sword; a +0 robe You open the door.
There is an open door here.
There is an open door here.
Found a leather armour.
You open the door.
An orc warrior and 3 orcs come into view.
The orc warrior shouts!
The orc shouts! x2
The orc warrior hits you from afar with a +0 glaive!
The blast of sand hits the orc warrior but does no damage.
The orc shouts!
The orc warrior hits you from afar with a +0 glaive!
The orc warrior attacks as it pursues you!
The orc warrior hits you from afar with a +0 glaive.
The orc attacks as it pursues you! The orc hits you but does no damage.
The orc hits you but does no damage. The orc warrior barely misses you.
The orc warrior attacks as it pursues you!
The orc warrior hits you from afar with a +0 glaive.
As you read the scroll labelled ATIONEAGIC, it crumbles to dust.
It is a scroll of identify.
c - 5 scrolls of teleportation The orc warrior hits you from afar with a +0 glaive!!
You die...

#........# .......
#........# .....>.
#........# .......
#........# .......
#........# .......
##.###.### #######
###.###.######..####
#...........#......'
#.o@........#....."#
#...........#......#
##.o##########.##.##
##o### ######.##.##
#.o..#........#....
#....'........#....
#....#........+....
#.##.# #.#######..#
####.###+###..##..#


You could see an orc warrior and 3 orcs.

Vanquished Creatures
  An ice beast (D:5)
  An ogre (D:4)
  A phantom (D:5)
  Blork the orc (D:5)
  8 scorpions
  A jelly (D:5)
  A bombardier beetle (D:4)
  A centaur zombie (Ossuary)
  2 human zombies (Ossuary)
  A hound (D:5)
  An orc priest (D:3)
  Crazy Yiuf (D:2)
  A sleepcap (D:4)
  A scorpion zombie (Ossuary)
  Natasha (thrice) (D:2)
  3 mummies (Ossuary)
  Robin (D:2)
  4 adders
  A white imp (D:5)
  3 adder zombies (Ossuary)
  A ribbon worm (D:3)
  3 dart slugs
  5 orcs
  11 ball pythons
  8 endoplasms
  4 giant cockroaches
  3 gnoll zombies (Ossuary)
  10 goblins
  7 hobgoblins
  4 jackals (D:1)
  4 kobolds
  3 quokkas
  A ball python zombie (Ossuary)
  7 bats
  2 frilled lizards
  4 jackal zombies (Ossuary)
  4 orc zombies (Ossuary)
  10 rats
128 creatures vanquished.

Notes
Turn   | Place    | Note
-------+----------+-------------------------------------------
     0 | D:1      | CougarLife the Gargoyle Earth Elementalist began the quest
                  | for the Orb.
     0 | D:1      | Reached XP level 1. HP: 10/10 MP: 3/3
    88 | D:1      | Reached XP level 2. HP: 11/15 MP: 0/5
   336 | D:1      | Reached skill level 4 in Earth Magic
   627 | D:1      | Reached XP level 3. HP: 15/19 MP: 3/6
   931 | D:2      | Found a radiant altar of Vehumet.
   939 | D:2      | Became a worshipper of Vehumet
  1098 | D:2      | Noticed Natasha
  1102 | D:2      | Killed Natasha
  1103 | D:2      | Reached XP level 4. HP: 24/24 MP: 3/8
  1213 | D:2      | Noticed Natasha
  1219 | D:2      | Killed Natasha
  1467 | D:2      | Noticed Robin
  1472 | D:2      | Killed Robin
  1583 | D:2      | Noticed Natasha
  1655 | D:2      | Found a runed translucent door.
  1656 | D:2      | Noticed Crazy Yiuf
  1677 | D:2      | Killed Natasha
  1678 | D:2      | Reached XP level 5. HP: 27/28 MP: 4/9
  1906 | D:2      | Killed Crazy Yiuf
  1907 | D:2      | Reached skill level 5 in Earth Magic
  1959 | D:3      | Reached * piety under Vehumet
  1959 | D:3      | Offered knowledge of Foxfire by Vehumet.
  2216 | D:2      | Learned a level 3 spell: Stone Arrow
  2268 | D:3      | Found a faded altar of an unknown god.
  2392 | D:3      | Reached XP level 6. HP: 28/32 MP: 7/11
  2440 | D:3      | Found a runed translucent gate.
  2440 | D:3      | Found a runed translucent gate.
  2440 | D:3      | Found a runed translucent gate.
  2492 | D:3      | Noticed DeathSocks's ghost (weakling DsSu)
  3058 | D:4      | Found a sand-covered staircase.
  3062 | Ossuary  | Entered an ossuary
  3270 | Ossuary  | Reached skill level 6 in Earth Magic
  3303 | Ossuary  | Reached XP level 7. HP: 31/36 MP: 10/13
  3415 | Ossuary  | Reached ** piety under Vehumet
  3415 | Ossuary  | Offered knowledge of Searing Ray by Vehumet.
  3444 | Ossuary  | Reached skill level 5 in Conjurations
  3741 | Ossuary  | Reached skill level 5 in Spellcasting
  3741 | Ossuary  | Reached skill level 7 in Earth Magic
  3741 | Ossuary  | Reached XP level 8. HP: 41/41 MP: 13/15
  4219 | D:4      | Got the Handbook of Tephra and Chilblains
  4605 | D:4      | Reached skill level 1 in Air Magic
  4933 | D:5      | Entered Level 5 of the Dungeon
  5109 | D:5      | Found Conizxei's Armour Shoppe.
  5454 | D:5      | Noticed Blork the orc
  5458 | D:5      | Killed Blork the orc
  5531 | D:5      | Slain by an orc warrior

Illustrated notes

Levels and vault maps discovered:
D:1:      minmay_arrival_stair_chambers, layout_loops_cross
D:2:      layout_basic, basic_altar, chequers_serial_rivers_marsh, uniq_robin,
          uniq_natasha, uniq_crazy_yiuf_cottage
D:3:      layout_basic, gammafunk_ghost_nasty_kobolds,
          ebering_ecumenical_altar_webs, nrook_mini_vaults, minmay_fountain_box,
          minmay_cupped
D:4:      layout_layer_cave, enter_ossuary_5
D:5:      layout_gridville, serial_shops, shop, uniq_blork_the_orc

Skill      XL: |  1  2  3  4  5  6  7  8 |
---------------+-------------------------+-----
Earth Magic    | 4 5 6 7 |  7.5
Conjurations   | 2 3 4 5 6 |  6.5
Spellcasting   | 3 4 5 |  5.4
Air Magic      | 2 |  2.3
Dodging        | |  1.5
Stealth        | |  2.1

Action                     |  1- 3 |  4- 6 |  7- 9 || total
---------------------------+-------+-------+-------++-------
  Melee: Mace              |    27 |    13 |    21 ||    61
         Unarmed           |     1 |       |       ||     1
   Cast: Sandblast         |    31 |    90 |    87 ||   208
         Stone Arrow       |       |     4 |     3 ||     7
    Use: Potion            |       |     1 |       ||     1
         Scroll            |       |       |     1 ||     1
   Stab: Sleeping          |     1 |       |       ||     1
 Armour: Robe              |    30 |    57 |    70 ||   157
  Dodge: Dodged            |    46 |    48 |    66 ||   160

Table legend: (Time is in decaauts)
 A = Elapsed time spent in this place.
 B = Non-inter-level travel time spent in this place.
 C = Inter-level travel time spent in this place.
 D = Time resting spent in this place.
 E = Time spent auto-exploring this place.
 F = Levels seen in this place.
 G = Mean time per level.
                   A        B        C        D        E       F      G
               +--------+--------+--------+--------+--------+-----+--------+
         Total |   5661 |   5432 |    229 |    555 |   3460 |   6 |  943.5 |
       Dungeon |   4815 |   4586 |    229 |    222 |   3398 |   5 |  963.0 |
       Ossuary |    845 |    845 |      0 |    333 |     62 |   1 |  845.0 |
               +--------+--------+--------+--------+--------+-----+--------+

Top non-repeatable levels by time:
     D:2: 1141 daAuts
     D:4: 1121 daAuts
     D:3: 1020 daAuts
     D:1: 922 daAuts
 Ossuary: 845 daAuts
     D:5: 610 daAuts
